 Dungeon Crawl Stone Soup version 0.31-a0-1278-g11c5b68f87 (webtiles) character file.

Game seed: 10395725372081706995

5994 Anonymone the Tainter (level 10, -2/79 HPs)
             Began as a Demonspawn Venom Mage on Dec 17, 2023.
             Was a Follower of Vehumet.
             Slain by a vampire (10 damage)
             ... on level 10 of the Dungeon.
             The game lasted 00:31:39 (12545 turns).

Anonymone the Tainter (Demonspawn Venom Mage)      Turns: 12545, Time: 00:31:40

Health: -2/79      AC:  6    Str: 11    XL:     10   Next: 55%
Magic:  16/16      EV: 10    Int: 26    God:    Vehumet [*.....]
Gold:   328        SH:  0    Dex: 14    Spells: 2/17 levels left

rFire   + + .        n - +1 hand axe of Floods {heavy, Will+ Int+2}
rCold   . . .        (no shield)
rNeg    + . .        d - +0 ring mail of the Tormentor {rF++ rN+ Str+3}
rPois   .            (no helmet)
rElec   +            (no cloak)
rCorr   .            (no gloves)
SInv    .            (no boots)
Will    +....        (no amulet)
Stlth   +            (no ring)
HPRegen 0.33/turn    (no ring)
MPRegen 0.15/turn

%: no passive effects
@: mighty
A: demonic guardian 1, powered by pain 1, big brain 2, weakness stinger 1, claws
1, electricity resistance
a: Renounce Religion


You were on level 10 of the Dungeon.
You worshipped Vehumet.
Vehumet was aware of your devotion.
You visited 2 branches of the dungeon, and saw 11 of its levels.

You collected 420 gold pieces.
You spent 92 gold pieces at shops.

Inventory:

Hand Weapons
 c - a +0 dagger of venom
 k - a +1 mace of protection
 m - a +0 dagger of speed
 n - the +1 hand axe of Floods (weapon) {heavy, Will+ Int+2}
   (You found it on level 2 of the Dungeon)

   Int+2:     It affects your intelligence (+2).
   Will+:     It increases your willpower.
 s - a +3 vampiric trident
Missiles
 l - 3 throwing nets
Armour
 a - a +1 robe
 d - the +0 ring mail of the Tormentor (worn) {rF++ rN+ Str+3}
   (You found it on level 5 of the Dungeon)

   Str+3:     It affects your strength (+3).
   rF++:      It greatly protects you from fire.
   rN+:       It protects you from negative energy.
 w - an orb of guile
Jewellery
 h - a ring of fire
 r - an amulet of guardian spirit
 x - a ring of fire
 y - a ring of willpower
 E - a ring of positive energy
Talismans
 e - a blade talisman
 t - the beast talisman of Leke {Will+ Int+5}
   (You found it on level 5 of the Dungeon)

   [beast talisman]

   Int+5:     It affects your intelligence (+5).
   Will+:     It increases your willpower.
Wands
 f - a wand of flame (26)
 u - a wand of mindburst (13)
Scrolls
 i - 6 scrolls of identify
 j - 3 scrolls of vulnerability
 p - 2 scrolls of immolation
Potions
 b - 2 potions of magic
 g - a potion of attraction
 o - a potion of enlightenment
 q - a potion of might
 v - a potion of mutation
 z - a potion of heal wounds
 D - a potion of brilliance {unknown}


   Skills:
 - Level 7.4 Fighting
 - Level 5.0 Axes
 * Level 5.6 Armour
 - Level 1.7 Dodging
 - Level 1.7 Stealth
 - Level 4.4 Spellcasting
 - Level 4.4 Conjurations
 - Level 0.8 Transmutations
 - Level 2.3 Air Magic
 - Level 9.4 Poison Magic


You had 2 spell levels left.
You knew the following spells:

 Your Spells              Type           Power      Damage    Failure   Level
a - Sting                 Tmut/Pois      100%       1d8       2%          1
b - Poisonous Vapours     Pois/Air       72%        N/A       2%          2
c - Mephitic Cloud        Conj/Pois/Air  33%        N/A       6%          3
d - Olgreb's Toxic Radia  Pois           53%        N/A       3%          4
e - Freezing Cloud        Conj/Ice/Air   8%         6-21      89%         5

Your spell library contained the following spells:

 Spells                   Type           Power      Damage    Failure   Level
 Sandblast                Erth           10%        2d5       19%         1
 Wereblood                Tmut           10%        N/A       19%         2
 Lesser Beckoning         Tloc           10%        N/A       26%         2
 Sublimation of Blood     Necr           5%         N/A       26%         2
 Gell's Gravitas          Tloc           5%         N/A       47%         3
 Teleport Other           Tloc           5%         N/A       47%         3
 Passage of Golubria      Tloc           5%         N/A       87%         4
 Silence                  Hex/Air        5%         N/A       97%         5
 Summon Hydra             Summ           2%         N/A       100%        7
 Lehudib's Crystal Spear  Conj/Erth      8%         10d4      100%        8


Dungeon Overview and Level Annotations

Branches:
Dungeon (10/15)            Temple (1/1) D:7
   Lair: D:8-11         Orc: D:9-12

Altars:
Ashenzari
Cheibriados
Dithmenos
Fedhas
Gozag
Hepliaklqana
Kikubaaqudgha
Makhleb
Nemelex Xobeh
Okawaru
Qazlal
Ru
Sif Muna
Trog
Uskayaw
Vehumet
Wu Jian
Xom
Yredelemnul

Shops:
D:8 *


Innate Abilities, Weirdness & Mutations

A weak demonic guardian rushes to your aid.
You sometimes gain a little power by taking damage.
You have an extremely huge brain. (Int +4)
You have a small tail.
You have sharp fingernails.
You are resistant to electric shocks. (rElec)


Message History

The vampire flickers and vanishes!
Deactivating autopickup; reactivate with Ctrl-A.
Something hits you. Something bites you!
Something draws strength from your injuries!
You swap places.
Something hits your white imp! Something bites your white imp!
Your white imp dies!
Your white imp disappears in a puff of smoke!
Casting: Sting (safe; 2% risk of failure)
Confirm with . or Enter, or press ? or * to list all spells.
Okay, then.
Okay, then.
As you read the scroll labelled TUAXEM XOISA, it crumbles to dust.
It is a scroll of amnesia.
Okay, then.
Casting: Sting (safe; 2% risk of failure)
Confirm with . or Enter, or press ? or * to list all spells.
You don't know that spell.
Unknown command.
As you read the scroll labelled MAQERE SUTORO, it crumbles to dust.
It is a scroll of enchant weapon.
Your +2 vampiric trident glows red for a moment.
Something hits you! Something bites you!
Something draws strength from your injuries!
Unknown command.
You feel very mighty all of a sudden. Something hits you.
* * * LOW HITPOINT WARNING * * *
Something bites you.
* * * LOW HITPOINT WARNING * * *
Okay, then.
Okay, then.
As you read the scroll labelled SAOP AMAOTIH, it dissolves into smoke.
It was a scroll of fog.
Something hits you but does no damage. Something bites you!
* * * LOW HITPOINT WARNING * * *
Something draws strength from your injuries!
Something hits you.
* * * LOW HITPOINT WARNING * * *
Something bites you!
You die...

######### #### #........
.... #######........
..... ...............
.....#########§§@.......
.........#.#§#§{§.......
.$...#V...#.#§§§§#.#####
.... #..8.#8#§8§§#.# .V.
##...#.#§§§##.#######.
##
#.###.#§###§#<.†......
##.8.###.8.###........
#.### #.###.#.........
#...##.........


There were no monsters in sight!

Vanquished Creatures
  A two-headed ogre (D:8)
  Jeremiah (D:8)
  Grinder (D:6)
  A hornet (D:10)
  A wyvern (D:9)
  7 yaks
  An acid dragon (D:9)
  Duvessa (D:6)
  2 orc warriors
  5 sky beasts
  An ogre (D:5)
  3 centaurs
  A kobold brigand (D:9)
  2 phantoms
  2 bullfrogs
  4 scorpions
  A gnoll sergeant (D:7)
  Dowan (D:6)
  11 killer bees
  5 howler monkeys
  A jelly (D:5)
  2 hounds
  A gnoll bouda (D:5)
  6 orc priests
  Jessica (D:2)
  2 iguanas
  5 orc wizards
  14 gnolls
  5 adders
  A shadow imp (D:7)
  2 white imps (D:8)
  2 ufetubi (D:6)
  3 worms
  2 dart slugs
  8 orcs
  4 ball pythons
  7 bats
  4 endoplasms
  2 giant cockroaches
  5 goblins
  4 hobgoblins
  3 quokkas
  2 frilled lizards (D:1)
  9 kobolds
  4 rats
151 creatures vanquished.

Vanquished Creatures (collateral kills)
  A wyvern (D:9)
  A centaur (D:5)
  A wight (D:7)
  A jelly (D:6)
  A hound (D:5)
  An endoplasm (D:3)
6 creatures vanquished.

Grand Total: 157 creatures vanquished

Notes
Turn   | Place    | Note
-------+----------+-------------------------------------------
     0 | D:1      | Anonymone the Demonspawn Venom Mage began the quest for the
                  | Orb.
     0 | D:1      | Reached XP level 1. HP: 13/13 MP: 3/3
   216 | D:1      | Gained mutation: You have an unusually large brain. (Int
                  | +2) [demonic ancestry]
   216 | D:1      | Reached XP level 2. HP: 19/19 MP: 0/5
   483 | D:1      | Learned a level 2 spell: Poisonous Vapours
  1476 | D:2      | Reached skill level 1 in Air Magic
  1624 | D:2      | Noticed Jessica
  1637 | D:2      | Killed Jessica
  1638 | D:2      | Gained mutation: A weak demonic guardian rushes to your
                  | aid. [demonic ancestry]
  1638 | D:2      | Reached XP level 3. HP: 14/24 MP: 1/6
  1810 | D:2      | Learned a level 3 spell: Mephitic Cloud
  1971 | D:2      | Identified the +1 hand axe of Floods {heavy, Will+ Int+2}
  2416 | D:3      | Found a broken altar of Ashenzari.
  2463 | D:3      | Reached XP level 4. HP: 24/30 MP: 4/7
  2498 | D:3      | You fall into a shaft and drop 3 floors!
  2609 | D:6      | Noticed Grinder
  2620 | D:6      | Killed Grinder
  2621 | D:6      | Reached XP level 5. HP: 16/35 MP: 0/8
  2927 | D:6      | Noticed a sky beast
  2959 | D:6      | Gained mutation: You have an extremely huge brain. (Int +4)
                  | [demonic ancestry]
  2959 | D:6      | Reached XP level 6. HP: 41/41 MP: 1/9
  2976 | D:5      | Entered Level 5 of the Dungeon
  3052 | D:5      | Reached skill level 4 in Poison Magic
  3333 | D:5      | Identified the beast talisman of Leke {Will+ Int+5}
  3365 | D:5      | Reached skill level 5 in Poison Magic
  3370 | D:5      | Learned a level 4 spell: Olgreb's Toxic Radiance
  3487 | D:5      | Reached XP level 7. HP: 5/46 MP: 2/10
  3708 | D:5      | Noticed a yak
  3751 | D:5      | Reached skill level 6 in Poison Magic
  4273 | D:5      | Reached skill level 7 in Poison Magic
  4477 | D:4      | Found an opulent altar of Gozag.
  5072 | D:4      | Reached XP level 8. HP: 23/52 MP: 1/11
  5727 | D:5      | Reached skill level 8 in Poison Magic
  5807 | D:5      | Reached skill level 9 in Poison Magic
  6197 | D:5      | Identified the +0 ring mail of the Tormentor {rF++ rN+
                  | Str+3}
  6767 | D:6      | Reached skill level 1 in Fighting
  6767 | D:6      | Reached skill level 1 in Axes
  6918 | D:6      | Noticed Dowan
  6987 | D:6      | Found a radiant altar of Vehumet.
  7047 | D:6      | Became a worshipper of Vehumet
  7055 | D:6      | Noticed Duvessa
  7457 | D:6      | Killed Dowan
  7533 | D:6      | Killed Duvessa
  7778 | D:7      | Gained mutation: You have a small tail. [demonic ancestry]
  7778 | D:7      | Reached XP level 9. HP: 61/61 MP: 5/15
  7898 | D:7      | Found a staircase to the Ecumenical Temple.
  7906 | Temple   | Entered the Ecumenical Temple
  8546 | D:7      | Reached skill level 1 in Armour
  8751 | D:7      | Found a snail-covered altar of Cheibriados.
  8933 | D:7      | Found an ornate altar of the Wu Jian Council.
  8933 | D:7      | Found a bloodstained altar of Trog.
  8984 | D:7      | Learned a level 5 spell: Freezing Cloud
  9407 | D:8      | Reached skill level 5 in Fighting
  9665 | D:8      | Found Umakoad's Assorted Antiques.
  9683 | D:8      | Bought a scroll labelled ZOISKER WEMILOLL for 33 gold
                  | pieces
  9683 | D:8      | Bought 2 lumpy cyan potions for 59 gold pieces
  9683 | D:8      | Gained mutation: You have sharp fingernails. [potion of
                  | mutation]
  9683 | D:8      | Gained mutation: You are resistant to electric shocks.
                  | (rElec) [potion of mutation]
  9797 | D:8      | Noticed Jeremiah
  9815 | D:8      | Killed Jeremiah
  9919 | D:8      | Noticed a two-headed ogre
  9949 | D:8      | Killed a two-headed ogre
  9950 | D:8      | Gained mutation: You sometimes gain a little power by
                  | taking damage. [demonic ancestry]
  9950 | D:8      | Reached XP level 10. HP: 76/76 MP: 3/16
 10983 | D:9      | Reached * piety under Vehumet
 10983 | D:9      | Offered knowledge of Sandblast by Vehumet.
 11475 | D:9      | Reached skill level 5 in Axes
 12023 | D:9      | Reached skill level 5 in Armour
 12196 | D:9      | Found a shadowy altar of Dithmenos.
 12429 | D:10     | Entered Level 10 of the Dungeon
 12545 | D:10     | Slain by a vampire

Illustrated notes

Levels and vault maps discovered:
D:1:      psy_arrival_terrarium, layout_basic
D:2:      layout_loops_ring, uniq_jessica
D:3:      layout_rooms, evilmike_ruin_ashenzari
D:4:      layout_basic, mainiacjoe_overflow_divided_tiny
D:5:      layout_gridville, eino_small_chamber_without_monster, minivault_14
D:6:      layout_loops_corners, vehumet_altar_wand_db,
          nicolae_elyvilon_temple_path, serial_library_hellmonk_h_bend,
          uniq_grinder, uniq_duvessa
D:7:      layout_basic, minitemple, overflow_temple_1_default,
          minmay_temple_entry_mini_moons, amcnicky_mini_pool_small
D:8:      layout_loops_ring, serial_shops, shop, serial_co_window_serial,
          co_window_of_opportunity_a, co_window_corner_a,
          co_window_of_opportunity_a, co_window_of_opportunity_a,
          co_window_of_opportunity_a, co_window_paths_c, co_window_paths_c,
          co_window_broadway_a, co_window_corner_b, co_window_2corner,
          co_window_4corner_b, glass_columns_b, glass_columns_a,
          glass_columns_b, glass_columns_b, glass_columns_c,
          kennysheep_generic_room_16, uniq_jeremiah
D:9:      layout_rooms, lemuel_round_altar, serial_glass, glass_columns_a,
          glass_columns_b, kennysheep_generic_room_10
D:10:     cheibrodos_histonic, layout_basic, hellmonk_lair_entry_icy,
          serial_glass, glass_columns_a, glass_columns_b, serial_bayou_ford_a,
          nicolae_twisty_statue_hallways
Temple:   nicolae_temple_figure_eight

Skill      XL: |  1  2  3  4  5  6  7  8  9 10 |
---------------+-------------------------------+-----
Air Magic      | 2 |  2.3
Conjurations   | 4 |  4.4
Poison Magic   | 5 7 9 |  9.4
Spellcasting   | 4 |  4.4
Fighting       | 2 6 7 |  7.4
Axes           | 2 4 5 |  5.0
Armour         | 3 5 |  5.6
Dodging        | |  1.7
Stealth        | |  1.7
Transmutations | |  0.8

Action                     |  1- 3 |  4- 6 |  7- 9 | 10-12 || total
---------------------------+-------+-------+-------+-------++-------
  Melee: Unarmed           |     8 |       |       |       ||     8
         Dagger            |    14 |       |       |       ||    14
         Punch             |     1 |       |       |       ||     1
         Hand axe          |     3 |     6 |    77 |    23 ||   109
         Mace              |     3 |       |       |       ||     3
         Tailslap          |       |       |     1 |     3 ||     4
   Cast: Sting             |    66 |    22 |   152 |    56 ||   296
         Poisonous Vapours |     9 |     9 |    40 |    11 ||    69
         Mephitic Cloud    |       |     1 |    23 |     2 ||    26
         Olgreb's Toxic Ra |       |       |     9 |     9 ||    18
    Use: Potion            |       |     1 |     7 |     2 ||    10
         Scroll            |       |       |    11 |     3 ||    14
   Stab: Confused          |       |       |     3 |       ||     3
         Distracted        |       |       |     1 |       ||     1
 Armour: Robe              |    30 |    21 |    91 |       ||   142
         Ring mail         |       |       |       |    68 ||    68
  Dodge: Dodged            |    23 |    22 |    97 |    44 ||   186

Table legend: (Time is in decaauts)
 A = Elapsed time spent in this place.
 B = Non-inter-level travel time spent in this place.
 C = Inter-level travel time spent in this place.
 D = Time resting spent in this place.
 E = Time spent auto-exploring this place.
 F = Levels seen in this place.
 G = Mean time per level.
                   A        B        C        D        E       F      G
               +--------+--------+--------+--------+--------+-----+--------+
         Total |  12645 |  11652 |    993 |   2066 |   7728 |  11 | 1149.5 |
       Dungeon |  12644 |  11651 |    993 |   2066 |   7728 |  10 | 1264.4 |
        Temple |      1 |      1 |      0 |      0 |      0 |   1 |    1.0 |
               +--------+--------+--------+--------+--------+-----+--------+

Top non-repeatable levels by time:
     D:5: 2022 daAuts
     D:6: 1998 daAuts
     D:9: 1693 daAuts
     D:7: 1530 daAuts
     D:8: 1465 daAuts
     D:4: 1316 daAuts
     D:2: 1261 daAuts
     D:1: 1119 daAuts
    D:10: 119 daAuts
     D:3: 116 daAuts
  Temple: 1 daAuts
